 Dungeon Crawl Stone Soup version 0.19.1-1-g22dce08 (webtiles) character file.

90 theAP the Stinger (level 4, -5/24 HPs)
             Began as a Deep Elf Venom Mage on Jan 8, 2017.
             Killed from afar by Natasha (12 damage)
             ... with a wand of flame
             ... on level 2 of the Dungeon.
             The game lasted 00:06:00 (1565 turns).

theAP the Stinger (Deep Elf Venom Mage)             Turns: 1565, Time: 00:06:01

Health: -5/24      AC:  2    Str:  5    XL:     4   Next: 32%
Magic:  0/12       EV: 13    Int: 21    God:
Gold:   73         SH:  0    Dex: 15    Spells: 2 memorised, 7 levels left

rFire  . . .     SeeInvis .     (no weapon)
rCold  . . .     Gourm    .     a - +0 robe
rNeg   . . .     Faith    .     (no shield)
rPois  .         Spirit   +     (no helmet)
rElec  .         Reflect  .     (no cloak)
rCorr  .         Harm     .     (no gloves)
MR     .....                    (no boots)
Stlth  ++........               d - amulet of guardian spirit
                                (no ring)
                                (no ring)

@: no status effects
A: no striking features
a: no special abilities


You were on level 2 of the Dungeon.
You were not hungry.

You visited 1 branch of the dungeon, and saw 2 of its levels.

You collected 73 gold pieces.

Inventory:

Armour
 a - a +0 robe (worn)
Jewellery
 d - an amulet of guardian spirit (around neck)
 g - a +5 ring of strength {unknown}
Books
 b - a Young Poisoner's Handbook

   Spells                             Type                      Level
   a - Sting                          Conjuration/Poison           1
   b - Mephitic Cloud                 Conjuration/Poison/Air       3
   c - Olgreb's Toxic Radiance        Poison                       4
   d - Alistair's Intoxication        Transmutation/Poison         5
   e - Venom Bolt                     Conjuration/Poison           5
Comestibles
 c - a bread ration
 f - 2 beef jerkies
 h - 2 fruits


   Skills:
 - Level 2.4 Dodging
 - Level 2.4 Stealth
 + Level 4.2 Spellcasting
 * Level 2.7 Conjurations
 + Level 5.0 Poison Magic


You had 7 spell levels left.
You knew the following spells:

 Your Spells              Type           Power        Failure   Level  Hunger
a - Sting                 Conj/Pois      ###.         2%          1    None
b - Mephitic Cloud        Conj/Pois/Air  ###.....     14%         3    ###....


Dungeon Overview and Level Annotations

Branches:
Dungeon (2/15)

Altars:
Uskayaw

Annotations:
D:2 Natasha


Message History

Aiming: Sting
Press: ? - help, Shift-Dir - straight line, f/p - Natasha
Aim: Natasha (severely wounded)
The sting hits Natasha.
Natasha appears unharmed.
Natasha is severely wounded.
Natasha claws you!
Casting: Sting
Confirm with . or Enter, or press ? or * to list all spells.
Aiming: Sting
Press: ? - help, Shift-Dir - straight line, f/p - Natasha
Aim: Natasha (severely wounded)
The sting misses Natasha.
The sting hits the shadow imp.
The shadow imp completely resists.
The shadow imp is lightly wounded.
The shadow imp grinds its teeth.
Natasha claws you!
* * * LOW HITPOINT WARNING * * *
Natasha zaps a wand.
The puff of flame hits you!
Ouch! That really hurt!
You die...

##.######.#
#########.# #.#
.......(#.# #.#
####....#.# #.#
####.##.#.# #.#
.....(..#.######.##
#####.#.#.........#
#...#.#.######..#
###.#.#.# #@.#
#÷#.### #..#
#.#.########h.#
#(#.....÷...5.#
#.##########.##
#.##.......#.#
#.##.#<....#.#
#.##.#####.#.#
#####..........#.#


You could see Natasha and a shadow imp.

Vanquished Creatures
  Natasha (D:2)
  2 adders (D:2)
  A worm (D:2)
  A dart slug (D:2)
  7 bats
  2 giant cockroaches
  5 goblins
  8 hobgoblins
  4 jackals (D:1)
  6 frilled lizards
  3 kobolds (D:1)
  2 rats (D:1)
42 creatures vanquished.

Notes
Turn   | Place    | Note
-------+----------+-------------------------------------------
     0 | D:1      | theAP the Deep Elf Venom Mage began the quest for the Orb.
     0 | D:1      | Reached XP level 1. HP: 10/10 MP: 6/6
   235 | D:1      | Reached XP level 2. HP: 15/15 MP: 4/8
   388 | D:1      | Reached skill level 1 in Conjurations
   948 | D:2      | Reached XP level 3. HP: 19/19 MP: 8/10
   949 | D:2      | Found a hide-covered altar of Uskayaw.
  1275 | D:2      | Noticed Natasha
  1285 | D:2      | Killed Natasha
  1285 | D:2      | Reached skill level 5 in Poison Magic
  1285 | D:2      | Reached XP level 4. HP: 4/24 MP: 0/12
  1479 | D:2      | Learned a level 3 spell: Mephitic Cloud
  1536 | D:2      | Noticed Natasha
  1565 | D:2      | Killed from afar by Natasha

Skill      XL: |  1  2  3 |
---------------+----------+-----
Conjurations   | 1 2 |  2.7
Spellcasting   | 4 |  4.2
Poison Magic   | 5 |  5.0
Dodging        | |  2.4
Stealth        | |  2.4

Action                   |  1- 3 |  4- 6 || total
-------------------------+-------+-------++-------
 Cast: Sting             |    68 |    11 ||    79
       Mephitic Cloud    |       |     1 ||     1
  Use: Scroll            |     1 |     3 ||     4
       Potion            |     1 |       ||     1
  Eat: Chunk             |     1 |     1 ||     2
Armor: Robe              |     6 |     1 ||     7
Dodge: Dodged            |     7 |     1 ||     8
